 Dungeon Crawl Stone Soup version 0.29.1-15-g9cfb28693d (webtiles) character file.

Game seed: 14341303695703110981

128 monsoonserge the Trooper (level 4, 0/39 HPs)
             Began as a Palentonga Fighter on May 1, 2023.
             Killed from afar by an orc wizard (6 damage)
             ... with a puff of flame
             ... on level 3 of the Dungeon.
             The game lasted 00:05:14 (1915 turns).

monsoonserge the Trooper (Palentonga Fighter)       Turns: 1915, Time: 00:05:15

Health: 0/39       AC:  6    Str: 23    XL:     4   Next: 87%
Magic:  13/13      EV:  8    Int:  9    God:
Gold:   98         SH:  0    Dex:  9    Spells: 3/3 levels left

rFire   . . .      SeeInvis +   a - +0 war axe
rCold   . . .      Faith    .   c - +0 buckler
rNeg    . . .      Spirit   .   g - +0 ring mail
rPois   .          Reflect  .   (no helmet)
rElec   .          Harm     .   (no cloak)
rCorr   .          Rampage  .   (no gloves)
Will    .....                   (no barding)
Stlth   ..........              (no amulet)
HPRegen 0.13/turn               m - ring of magical power
MPRegen 0.13/turn               (no ring)

@: confused
A: large, rugged brown scales 3, see invisible, deformed body, roll 1, armoured
tail
a: Rolling Charge


You were on level 3 of the Dungeon.
You visited 1 branch of the dungeon, and saw 3 of its levels.

You collected 98 gold pieces.

Inventory:

Hand Weapons
 a - a +0 war axe (weapon)
Missiles
 b - 5 stones (quivered)
 p - 4 poisoned darts
Armour
 c - a +0 buckler (worn)
 g - a +0 ring mail (worn)
Jewellery
 m - a ring of magical power (left hand)
Scrolls
 f - 2 scrolls of identify {unknown}
 i - 2 scrolls of teleportation {unknown}
 j - 2 scrolls of poison {unknown}
 k - a scroll of summoning {unknown}
 l - a scroll of amnesia {unknown}
Potions
 d - a potion of might
 e - a potion of cancellation {unknown}
 h - a potion of mutation {unknown}
 n - a potion of curing {unknown}
 o - 2 potions of attraction {unknown}
 q - a potion of flight {unknown}


   Skills:
 + Level 3.6 Fighting
 + Level 3.5 Axes
 + Level 2.9 Armour
 + Level 0.6 Dodging
 + Level 3.1 Shields


You had 3 spell levels left.
You didn't know any spells.
Your spell library was empty.

Dungeon Overview and Level Annotations

Branches:
Dungeon (3/15)

Altars:
Fedhas


Innate Abilities, Weirdness & Mutations

You are completely covered in rugged brown scales. (AC +3, +7% HP)
You have supernaturally acute eyesight. (SInv)
Armour fits poorly on your strangely shaped body.
You can roll at nearby foes to attack.
You have a long armoured tail.


Message History

You bump into the rock wall.
The orc wizard hits you with a +0 dagger.
You're too confused to move!
The orc wizard hits you but does no damage.
You bump into the rock wall.
The orc wizard hits you but does no damage.
The orc wizard hits you but does no damage.
Things that are here:
a +0 dagger; a +0 robe You barely miss the orc wizard.
The orc wizard is heavily wounded.
The orc wizard misses you.
You bump into the rock wall.
The orc wizard barely misses you.
You bump into the rock wall.
The orc wizard hits you but does no damage.
You miss the orc wizard.
Your tail-slap misses the orc wizard.
The orc wizard is heavily wounded.
The orc wizard points at you and mumbles some strange words.
The magic dart hits you!
* * * LOW HITPOINT WARNING * * *
You completely miss the orc wizard.
The orc wizard is heavily wounded.
The orc wizard points at you and mumbles some strange words.
The puff of flame hits you but does no damage.
The orc wizard hits you but does no damage.
You miss the orc wizard.
The orc wizard is heavily wounded.
The orc wizard hits you with a +0 dagger.
* * * LOW HITPOINT WARNING * * *
You bump into the rock wall.
The orc wizard completely misses you.
You closely miss the orc wizard.
The orc wizard is heavily wounded.
The orc wizard hits you with a +0 dagger.
* * * LOW HITPOINT WARNING * * *
You closely miss the orc wizard.
The orc wizard is heavily wounded.
The orc wizard completely misses you. The orc wizard casts a spell at you.
The puff of flame hits you.
You die...

#........).......###
#.........######...#
##.........# ...#
..#........+ ...#
#..........+ ...#
...........# ...#
##.....)...######...#
##..............o...#
##..........####@)..#
##........## ######
##......## ########


You could see an orc wizard (invisible).

Vanquished Creatures
  An orc wizard (D:3)
  5 adders
  A worm (D:2)
  2 dart slugs (D:1)
  2 orcs (D:3)
  5 ball pythons
  4 endoplasms
  3 giant cockroaches
  3 goblins
  3 hobgoblins
  3 jackals (D:1)
  3 kobolds
  3 quokkas
  3 bats
  4 frilled lizards
  4 rats
49 creatures vanquished.

Notes
Turn   | Place    | Note
-------+----------+-------------------------------------------
     0 | D:1      | monsoonserge the Palentonga Fighter began the quest for the
                  | Orb.
     0 | D:1      | Reached XP level 1. HP: 19/19 MP: 1/1
   194 | D:1      | Reached XP level 2. HP: 23/25 MP: 2/2
   978 | D:2      | Reached XP level 3. HP: 31/31 MP: 3/3
  1156 | D:2      | Reached XP level 4. HP: 35/37 MP: 4/4
  1422 | D:2      | Found a blossoming altar of Fedhas.
  1761 | D:3      | Found a faded altar of an unknown god.
  1915 | D:3      | Killed from afar by an orc wizard

Illustrated notes

Levels and vault maps discovered:
D:1:      onia_arrival_pentagram, layout_basic
D:2:      layout_rooms, basic_altar, palyth_stone_intersect,
          chequers_serial_rivers_room_a
D:3:      layout_rooms, general_overflow_altar,
          hellmonk_ecumenical_altar_arch_garden, hangedman_glass_teeth,
          grunt_decor_arrowhead, minmay_starry_boxes, uniq_pargi, uniq_jessica

Skill      XL: |  1  2  3 |
---------------+----------+-----
Shields        | 3 |  3.1
Axes           | 3 |  3.5
Fighting       | |  3.6
Armour         | |  2.9
Dodging        | |  0.6

Action                   |  1- 3 |  4- 6 || total
-------------------------+-------+-------++-------
Melee: War axe           |    85 |    49 ||   134
       Tailslap          |     7 |     7 ||    14
Throw: Stone             |     1 |       ||     1
 Abil: Rolling Charge    |    18 |    11 ||    29
Armor: Scale mail        |     5 |       ||     5
       Ring mail         |    42 |    22 ||    64
Dodge: Dodged            |    37 |    18 ||    55
Block: Buckler           |    22 |     7 ||    29
